 Dungeon Crawl Stone Soup version 0.29-a0-2-g12fcac58f8 (webtiles) character file.

Game seed: 10028181996339978757

7 HallandMoats the Ruffian (level 2, 0/26 HPs)
             Began as a Ghoul Monk on Jan 27, 2022.
             Slain by a quokka (4 damage)
             ... on level 1 of the Dungeon.
             The game lasted 00:00:13 (93 turns).

HallandMoats the Ruffian (Ghoul Monk)                 Turns: 93, Time: 00:00:14

Health: 0/26       AC:  2    Str: 14    XL:     2   Next: 4%
Magic:  1/1        EV: 12    Int:  5    God:
Gold:   0          SH:  0    Dex: 11    Spells: 1/1 levels left

rFire   . . .      SeeInvis .     - Unarmed
rCold   + . .      Faith    .   (no shield)
rNeg    + + +      Spirit   .   a - +0 robe
rPois   ∞          Reflect  .   (no helmet)
rElec   .          Harm     .   (no cloak)
rCorr   .          Rampage  .   (no gloves)
Will    .....                   (no boots)
Stlth   ++........              (no amulet)
HPRegen 0.00/turn               (no ring)
MPRegen 0.07/turn               (no ring)

@: inhibited regen
A: claws 1, cold resistance 1, negative energy resistance 3, inhibited
regeneration, torment resistance 2
a: no special abilities


You were on level 1 of the Dungeon.
You visited 1 branch of the dungeon, and saw 1 of its levels.

Inventory:

Armour
 a - a +0 robe (worn)


   Skills:
 * Level 3.5 Fighting
 + Level 0.3 Armour
 + Level 2.7 Dodging
 - Level 2.1 Stealth
 * Level 3.5 Unarmed Combat


You had one spell level left.
You didn't know any spells.
Your spell library was empty.

Dungeon Overview and Level Annotations

Branches:
Dungeon (1/15)

Altars:


Innate Abilities, Weirdness & Mutations

You thrive by killing the living.
You are immune to poison.
You have sharp fingernails.
Your flesh is cold resistant. (rC+)
You are immune to negative energy. (rN+++)
You do not regenerate when monsters are visible.
You are immune to unholy pain and torment.


Message History

The slug dart hits you.
You scratch the dart slug.
The dart slug is severely wounded.
The dart slug bites you.
You claw the dart slug!
You kill the dart slug!
You have reached level 2!
The quokka bites you.
You miss the quokka. The quokka barely misses you.
The quokka bites you but does no damage.
You scratch the quokka but do no damage.
The quokka bites you.
You are too injured to fight recklessly!
You are too injured to fight recklessly!
You barely miss the quokka.
The shining eye pulsates ominously.
The quokka bites you.
You barely miss the quokka. The quokka bites you.
You scratch the quokka but do no damage.
The quokka barely misses you.
You scratch the quokka.
The quokka is severely wounded.
The quokka twitches its whiskers.
The quokka barely misses you.
You scratch the quokka but do no damage.
The quokka is severely wounded.
The quokka closely misses you.
You barely miss the quokka.
The quokka is severely wounded.
The quokka bites you.
* * * LOW HITPOINT WARNING * * *
You barely miss the quokka.
The quokka is severely wounded.
The quokka misses you.
You closely miss the quokka.
The quokka is severely wounded.
The quokka bites you.
* * * LOW HITPOINT WARNING * * *
The quokka bites you.
You die...

..###########.#
###
#######.#######
..............#
###.###...###.#
#G#...#G#.#
.###...###.#
#...........#
#....._.....#
#........@"†.#
#..###..r###....#
..#G#...#G#..#.#
###...### .# #
...... ## ###...
#... #..#


You could see a great orb of eyes, a shining eye, an eye of devastation, a
floating eye and a quokka.

Vanquished Creatures
  A dart slug (D:1)
  An endoplasm (D:1)
  A quokka (D:1)
  3 rats (D:1)
6 creatures vanquished.

Notes
Turn   | Place    | Note
-------+----------+-------------------------------------------
     0 | D:1      | HallandMoats the Ghoul Monk began the quest for the Orb.
     0 | D:1      | Reached XP level 1. HP: 19/19 MP: 0/0
    70 | D:1      | Found a faded altar of an unknown god.
    71 | D:1      | Noticed a shining eye
    73 | D:1      | Noticed an eye of devastation
    74 | D:1      | Noticed a great orb of eyes
    74 | D:1      | Noticed a floating eye
    83 | D:1      | Reached XP level 2. HP: 18/26 MP: 1/1
    93 | D:1      | Slain by a quokka

Illustrated notes

Levels and vault maps discovered:
D:1:      minmay_arrival_wavy_path, layout_loops_ring,
          hellmonk_ecumenical_altar_watching_god, minmay_misc_feat_rugged,
          hex_large, st_stairs_14, minmay_curled_crystal,
          chequers_serial_rivers_small_b, minmay_quantized

Action                   || total
-------------------------++-------
Melee: Unarmed           ||    25
Armor: Robe              ||     3
Dodge: Dodged            ||     8

Table legend: (Time is in decaauts)
 A = Elapsed time spent in this place.
 B = Non-inter-level travel time spent in this place.
 C = Inter-level travel time spent in this place.
 D = Time resting spent in this place.
 E = Time spent auto-exploring this place.
 F = Levels seen in this place.
 G = Mean time per level.
                   A        B        C        D        E       F      G
               +--------+--------+--------+--------+--------+-----+--------+
         Total |     91 |     91 |      0 |      0 |     54 |   1 |   91.0 |
       Dungeon |     91 |     91 |      0 |      0 |     54 |   1 |   91.0 |
               +--------+--------+--------+--------+--------+-----+--------+

Top non-repeatable levels by time:
     D:1: 91 daAuts
